 Dungeon Crawl Stone Soup version 0.27-a0-668-gb5737ff2c0 (webtiles) character file.

Game seed: 7234622971604580875

347 jasper the Shooter (level 6, -4/48 HPs)
             Began as a Human Wanderer on Mar 17, 2021.
             Was a Follower of Ru.
             Slain by an orc priest
             ... wielding a +0 short sword
              (8 damage)
             ... on level 5 of the Dungeon.
             The game lasted 00:06:50 (3526 turns).

jasper the Shooter (Human Wanderer)                 Turns: 3526, Time: 00:06:51

Health: -4/48      AC:  6    Str: 13    XL:     6   Next: 90%
Magic:  6/6        EV: 11    Int: 14    God:    Ru [*.....]
Gold:   311        SH:  0    Dex: 12    Spells: 5/5 levels left

rFire    . . .     SeeInvis .   m - +1 short sword (elec)
rCold    . . .     Faith    .   (no shield)
rNeg     . . .     Spirit   .   l - +1 leather armour {rPois}
rPois    +         Reflect  .   (no helmet)
rElec    .         Harm     .   i - +0 cloak
rCorr    .         Rampage  .   k - +0 pair of gloves
Will     .....                  (no boots)
Stlth    +.........             (no amulet)
HPRegen  0.16/turn              (no ring)
MPRegen  0.10/turn              (no ring)

@: mighty, about to teleport, extremely horrified, flying
A: cowardly
a: Renounce Religion


You were on level 5 of the Dungeon.
You worshipped Ru.
Ru was aware of your devotion.
You visited 1 branch of the dungeon, and saw 5 of its levels.

You collected 311 gold pieces.

Inventory:

Hand Weapons
 a - a +2 dagger
 c - a +0 shortbow
 j - a +0 war axe
 m - a +1 short sword of electrocution (weapon)
Missiles
 d - 79 arrows
Armour
 f - a +0 robe
 i - a +0 cloak (worn)
 k - a +0 pair of gloves (worn)
 l - a +1 leather armour of poison resistance (worn)
Jewellery
 t - a ring of ice
Scrolls
 e - 2 scrolls of teleportation
 g - a scroll of brand weapon {unknown}
 n - 2 scrolls of immolation {unknown}
 o - a scroll of random uselessness {unknown}
 p - a scroll of magic mapping {unknown}
 q - a scroll of amnesia {unknown}
 s - 2 scrolls of identify {unknown}
Potions
 h - a potion of attraction {unknown}
 r - a potion of might


   Skills:
 - Level 4.0 Fighting
 + Level 6.8 Bows
 - Level 1.0 Throwing
 - Level 2.0 Armour
 - Level 1.0 Stealth


You had 5 spell levels left.
You didn't know any spells.
Your spell library was empty.

Dungeon Overview and Level Annotations

Branches:
Dungeon (5/15)
 Temple: D:4-7

Altars:
Ru

Shops:
D:1 ?[

Annotations:
D:5 Menkaure


Innate Abilities, Weirdness & Mutations

Your cowardice makes you less effective in combat with threatening monsters.


Message History

The orc priest completely misses you.
You hit the orc priest.
The orc priest is lightly wounded.
The orc priest mumbles some strange prayers to Beogh against you.
Beogh smites you!
The orc priest hits you with a +0 short sword.
You hear an angry hiss.
You take 16 damage, and have 24/48 hp.
MASSIVE DAMAGE!!
You completely miss the orc priest.
The orc priest is lightly wounded.
The orc wizard hits you with a +0 dagger.
The orc priest invokes the aid of Beogh against you.
Beogh smites you!
* * * LOW HITPOINT WARNING * * *
You reel with horror at the sight of these foes!
You take 11 damage, and have 13/48 hp.
MASSIVE DAMAGE!!
As you read the scroll of teleportation, it crumbles to dust.
You feel strangely unstable.
The orc wizard hits you with a +0 dagger.
* * * LOW HITPOINT WARNING * * *
The orc priest barely misses you.
You take 3 damage, and have 10/48 hp.
It was a potion of might.
You feel very mighty all of a sudden.
The orc wizard points at you and mumbles some strange words.
You resist with some effort.
Menkaure casts a spell.
Menkaure seems to speed up.
The orc priest hits you with a +0 short sword.
* * * LOW HITPOINT WARNING * * *
You take 5 damage, and have 5/48 hp.
It was a potion of flight.
You feel very buoyant.
You fly up into the air.
The orc wizard closely misses you.
A leopard gecko comes into view.
Menkaure calls on the powers of darkness!
Your body is wracked with pain!
* * * LOW HITPOINT WARNING * * *
The orc priest hits you with a +0 short sword!
You die...

#...........≈≈≈≈
......?#..............≈≈
...........#............
..........##............
.............##...†....#
...........##......#.#
.l.......#......##.#
#oo....##....##.# .
#@.....#...[#....
##..........#.....
##................
.###...............
......##..........#
...(#...............
....##...##......... ...
#......M....... ..
#........#..##.#


You could see Menkaure (fast), an orc priest, an orc wizard and a leopard gecko.

Vanquished Creatures
  A centaur (D:5)
  A scorpion (D:5)
  An orc priest (D:3)
  A jelly (D:5)
  An orc wizard (D:5)
  A worker ant (D:4)
  4 adders
  An ufetubus (D:5)
  An ooze (D:4)
  An adder skeleton (D:4)
  2 worms (D:2)
  2 dart slugs (D:2)
  4 leopard geckos
  8 orcs
  2 ball pythons (D:3)
  5 goblins
  3 hobgoblins
  5 jackals
  4 kobolds
  2 quokkas
  2 bats (D:3)
  2 frilled lizards
  5 rats
59 creatures vanquished.

Notes
Turn   | Place    | Note
-------+----------+-------------------------------------------
     0 | D:1      | jasper the Human Wanderer began the quest for the Orb.
     0 | D:1      | jasper set off with the following items: a +2 dagger, a
                  | scroll of fear, a +0 shortbow, 25 arrows, a scroll of
                  | teleportation, a +0 robe
     0 | D:1      | Reached XP level 1. HP: 19/19 MP: 1/1
   310 | D:1      | Found Amniwnafess's Antique Armour Boutique.
   340 | D:1      | Found Kick's Magic Scroll Emporium.
   414 | D:1      | Reached XP level 2. HP: 25/25 MP: 2/2
   607 | D:1      | Reached skill level 3 in Bows
   854 | D:2      | Found a faded altar of an unknown god.
   860 | D:2      | Reached XP level 3. HP: 30/30 MP: 3/3
   876 | D:2      | Became a worshipper of Ru the Awakened
   884 | D:2      | Gained mutation: Your cowardice makes you less effective in
                  | combat with threatening monsters. [Ru sacrifice]
   884 | D:2      | Reached * piety under Ru
   941 | D:2      | Noticed a centaur
  1454 | D:2      | Reached skill level 4 in Bows
  1454 | D:2      | Reached XP level 4. HP: 36/37 MP: 4/4
  1804 | D:3      | Reached XP level 5. HP: 42/42 MP: 5/5
  2158 | D:4      | Noticed an ogre
  2449 | D:4      | Noticed a centaur
  2932 | D:4      | Reached skill level 5 in Bows
  3057 | D:5      | Entered Level 5 of the Dungeon
  3246 | D:5      | Reached XP level 6. HP: 48/48 MP: 6/6
  3273 | D:5      | Reached skill level 6 in Bows
  3497 | D:5      | Noticed Menkaure
  3526 | D:5      | Slain by an orc priest

Illustrated notes

Levels and vault maps discovered:
D:1:      heliophobic_arrival_henge, layout_basic, serial_shops,
          nicolae_shop_crystal, shop
D:2:      layout_basic, chequers_ecumenical_altar_simple_redux
D:3:      kennysheep_big_flooded_room, layout_rooms
D:4:      layout_cave_pools, elyvilon_altar_3
D:5:      layout_cave_pools, temple_pool_b, uniq_menkaure, uniq_eustachio

Skill      XL: |  1  2  3  4  5  6 |
---------------+-------------------+-----
Bows           | 3 4 5 6 |  6.8
Fighting       | |  4.0
Throwing       | |  1.0
Armour         | |  2.0
Stealth        | |  1.0

Action                   |  1- 3 |  4- 6 || total
-------------------------+-------+-------++-------
Melee: Dagger            |    30 |       ||    30
       Short sword       |    34 |   134 ||   168
 Fire: Shortbow          |     6 |     4 ||    10
Invok: Sacrifice Courage |     1 |       ||     1
  Use: Scroll            |     1 |     2 ||     3
       Potion            |     1 |     2 ||     3
Armor: Robe              |     4 |       ||     4
       Leather armour    |    18 |    59 ||    77
Dodge: Dodged            |    37 |    83 ||   120

Table legend: (Time is in decaauts)
 A = Elapsed time spent in this place.
 B = Non-inter-level travel time spent in this place.
 C = Inter-level travel time spent in this place.
 D = Time resting spent in this place.
 E = Time spent auto-exploring this place.
 F = Levels seen in this place.
 G = Mean time per level.
                   A        B        C        D        E       F      G
               +--------+--------+--------+--------+--------+-----+--------+
         Total |   3556 |   3260 |    296 |   1043 |   1525 |   5 |  711.2 |
       Dungeon |   3556 |   3260 |    296 |   1043 |   1525 |   5 |  711.2 |
               +--------+--------+--------+--------+--------+-----+--------+

Top non-repeatable levels by time:
     D:3: 1139 daAuts
     D:1: 971 daAuts
     D:2: 534 daAuts
     D:5: 461 daAuts
     D:4: 450 daAuts
